Atomiques vs Little Stars

Created - February 14, 2020 at 20:26

Goals
1 2 3 T
Atomiques 1 1 2 4
Little Stars 3 0 0 3
Shots
1 2 3 T
Atomiques 8 7 19 34
Little Stars 20 10 5 35

1st period

1. Atomiques , Tom Wilson 21 (Dwight King 28, Travis Sanheim 25) at 0:36
2. Little Stars , Scott Kosmachuck 20 (Dana Tyrell 29, Jesse Joensuu 35) at 9:09
3. Little Stars , Sebastian Wannstrom 10 (Eric Knodel 9) at 18:07
4. Little Stars , Evgeny Kuznetsov 25 (Zach Budish 15, Adam Tambellini 11) at 19:20

Penalties :
Scott Kosmachuck (Tex) for Kneeing (Major) at 12:11

2nd period

5. Atomiques , Tom Wilson 22 (Dwight King 29) at 4:40

Penalties :
Travis Sanheim (STB) for High sticking (Minor) at 0:03, Scott Kosmachuck (Tex) for Hooking (Minor) at 13:37

3rd period

6. Atomiques , Tom Wilson 23 (Travis Sanheim 26, Colby Cohen 13) at 4:54 (PP)
7. Atomiques , Tom Wilson 24 (Dwight King 30, Michael Latta 16) at 13:21

Penalties :
Michael Mersch (Tex) for Cross-checking (Minor) at 3:34, Nicolas Aube-Kubel (STB) for Hooking (Minor) at 18:21

Goalie Stats

Connor Hellebyuk (STB), 32 saves from 35 shots - (0.914), W, 18-11-3, 60:00 minutes
Matt Murray (Tex), 30 saves from 34 shots - (0.882), L, 22-12-2, 59:31 minutes

Players Stats for Atomiques

Player Name              G  A  P  +/- PIM S  H  SB GA TA FO     MP     PP MP  PK MP  
------------------------------------------------------------------------------------
Anthony Nigro            0  0  0  -1  0   4  0  0  0  0  1/3     8:18   0:00   0:00 
Bobby Farnham            0  0  0  -1  0   5  2  0  1  0  0/0     9:09   0:51   0:00 
Brendan Lemieux          0  0  0   0  0   1  0  1  0  0  0/1    16:20   3:24   0:00 
Carl Dahlstrom           0  0  0  -1  0   0  0  0  0  0  0/0    12:19   0:00   0:18 
Colby Cohen              0  1  1   1  0   2  3  2  0  4  0/0    27:32   5:03   2:14 
Connor Clifton           0  0  0  -1  0   0  0  0  0  1  0/0    13:31   0:43   1:08 
Corey Tropp              0  0  0   0  0   2  2  0  0  0  0/1    18:07   3:22   1:49 
Dalton Smith             0  0  0  -1  0   0  0  0  1  0  0/0    10:02   0:49   0:48 
Dwight King              0  3  3   1  0   5  2  0  1  1  0/2    20:10   3:55   0:00 
Eric Mestery             0  0  0   0  0   3  3  0  0  0  0/0    20:09   3:15   1:05 
Jacob De La Rose         0  0  0   0  0   1  0  1  0  0  0/1    11:26   0:00   0:57 
Michael Chaput           0  0  0   0  0   0  2  0  0  0  4/8    14:35   3:26   0:57 
Michael Latta            0  1  1   1  0   2  1  1  1  1  8/25   22:05   3:53   1:50 
Nicolas Aube-Kubel       0  0  0   0  2   0  2  0  0  0  0/0    11:54   0:56   0:30 
Oscar Sundqvist          0  0  0   0  0   0  1  0  0  0  6/13   14:09   0:33   0:23 
Tom Wilson               4  0  4   1  0   4  1  1  0  0  1/3    20:00   3:45   0:00 
Travis Sanheim           0  2  2   1  2   2  1  0  1  1  0/0    25:45   4:20   1:04 
Wiley Sherman            0  0  0   0  0   3  0  0  0  0  0/0    20:50   3:15   1:25 

Players Stats for Little Stars

Player Name              G  A  P  +/- PIM S  H  SB GA TA FO     MP     PP MP  PK MP  
------------------------------------------------------------------------------------
Adam Tambellini          0  1  1   1  0   2  1  0  1  1  0/0    14:43   2:08   0:04 
Anton Cederholm          0  0  0   0  0   0  0  1  0  0  0/0    20:33   0:37   3:00 
Dana Tyrell              0  1  1   1  0   3  1  2  1  1  15/26  21:52   1:29   4:04 
Daniel O'regan           0  0  0   0  0   2  1  0  1  0  3/7    12:29   0:06   1:19 
Daniil Tarasov           0  0  0  -2  0   1  0  1  0  1  0/0     8:36   0:00   0:00 
Emile Poirier            0  0  0  -2  0   2  1  0  0  0  0/0     8:36   0:00   0:00 
Eric Knodel              0  1  1  -1  0   1  4  1  0  0  0/0    24:25   1:17   3:39 
Evgeny Kuznetsov         1  0  1   1  0   2  1  2  2  0  6/8    19:48   2:08   4:10 
Jason Dickinson          0  0  0  -2  0   1  4  0  0  0  4/6     8:36   0:00   0:00 
Jesse Joensuu            0  1  1   1  0   8  3  0  2  0  6/7    21:00   1:23   2:45 
Michael Mersch           0  0  0   0  2   1  3  1  0  0  0/0    11:44   0:06   1:41 
Patrick Wiercioch        0  0  0   0  0   0  0  0  0  0  0/0     5:24   0:00   0:00 
Reece Willcox            0  0  0   2  0   2  3  3  0  1  0/0    22:58   2:20   1:12 
Scott Kosmachuck         1  0  1   1  7   4  1  0  0  0  0/0    18:48   1:23   0:24 
Sebastian Wannstrom      1  0  1   0  0   2  1  1  0  0  1/1    12:04   0:00   2:09 
Tucker Poolman           0  0  0   0  0   0  2  3  0  0  0/0    16:57   0:00   4:04 
Tyler Wotherspoon        0  0  0  -1  0   2  6  3  1  1  0/0    28:30   3:00   4:41 
Zach Budish              0  1  1   1  0   2  0  2  0  0  2/2    14:36   2:08   0:00 

3 Stars

1 - Tom Wilson (STB)
2 - Dwight King (STB)
3 - Evgeny Kuznetsov (Tex)

Power Play

Atomiques - 1 on 3 Attempt(s) - 33.33%
Little Stars - 0 on 2 Attempt(s) - 0.00%

Penalty Kill

Atomiques - 2 on 2 Attempt(s) - 100.00% - Score 0 goal in Penalty Kill
Little Stars - 2 on 3 Attempt(s) - 66.67% - Score 0 goal in Penalty Kill

Team Stat

Atomiques - Hits : 20 - Faceoff Wins : 20 - Blocked Shots : 6 - Penalty Minutes : 4
Little Stars - Hits : 32 - Faceoff Wins : 37 - Blocked Shots : 20 - Penalty Minutes : 9

Official

Referees : Unknown
Linesman : Unknown

Game Notes

Patrick Wiercioch is injured at 11:05 of 1st period (Herniated Disc)
Tom Wilson has scored a Hat Trick!

Finance

Level 1 -- Attendance: 1628 (81.40%) -- Ticket Income $56,980
Level 2 -- Attendance: 925 (92.50%) -- Ticket Income $13,875
Total Attendance: 2553 (85.10%)
Total Ticket Income: $70,855
Other Income: $3,543
Total Income: $74,398

Atomiques

5 vs 5 Forward 
   Center                   Left Wing                Right Wing               Time % Phy DF OF 
 1 Michael Latta            Dwight King              Tom Wilson               40     1   2  2  
 2 Oscar Sundqvist          Brendan Lemieux          Corey Tropp              30     1   2  2  
 3 Michael Chaput           Jacob De La Rose         Nicolas Aube-Kubel       20     1   2  2  
 4 Anthony Nigro            Dalton Smith             Bobby Farnham            10     1   2  2  

5 vs 5 Defense 
   Defense                  Defense                                           Time % Phy DF OF 
 1 Travis Sanheim           Colby Cohen                                       40     1   2  2  
 2 Wiley Sherman            Eric Mestery                                      30     1   2  2  
 3 Carl Dahlstrom           Connor Clifton                                    20     1   2  2  
 4 Travis Sanheim           Colby Cohen                                       10     1   2  2  

PowerPlay Forward 
   Center                   Left Wing                Right Wing               Time % Phy DF OF 
 1 Michael Latta            Dwight King              Tom Wilson               60     1   2  2  
 2 Michael Chaput           Brendan Lemieux          Corey Tropp              40     1   2  2  

PowerPlay Defense
   Defense                  Defense                                           Time % Phy DF OF 
 1 Travis Sanheim           Colby Cohen                                       60     1   2  2  
 2 Wiley Sherman            Eric Mestery                                      40     1   2  2  

Penalty Kill 4 Players Forward 
   Center                   Wing                     Time % Phy DF OF 
 1 Michael Latta            Corey Tropp              60     1   2  2  
 2 Michael Chaput           Jacob De La Rose         40     1   2  2  

Penalty Kill 4 Players Defense
   Defense                  Defense                  Time % Phy DF OF 
 1 Travis Sanheim           Colby Cohen              60     1   2  2  
 2 Wiley Sherman            Eric Mestery             40     1   2  2  

Penalty Kill - 3 Players Forward 
   Forward                                           Time % Phy DF OF 
 1 Michael Latta                                     60     1   2  2  
 2 Jacob De La Rose                                  40     1   2  2  

Penalty Kill - 3 Players Defense
   Defense                  Defense                  Time % Phy DF OF 
 1 Travis Sanheim           Colby Cohen              60     1   2  2  
 2 Wiley Sherman            Eric Mestery             40     1   2  2  

4 vs 4 Forward 
   Center                   Wing                     Time % Phy DF OF 
 1 Michael Latta            Tom Wilson               60     1   2  2  
 2 Oscar Sundqvist          Dwight King              40     1   2  2  

4 vs 4 Defense
   Defense                  Defense                  Time % Phy DF OF 
 1 Travis Sanheim           Colby Cohen              60     1   2  2  
 2 Wiley Sherman            Eric Mestery             40     1   2  2  

Last Minutes Offensive
   Center                   Left Wing                Right Wing               Defense                  Defense                  
   Michael Latta            Dwight King              Tom Wilson               Wiley Sherman            Travis Sanheim           

Last Minutes Defensive
   Center                   Left Wing                Right Wing               Defense                  Defense                  
   Oscar Sundqvist          Jacob De La Rose         Corey Tropp              Wiley Sherman            Colby Cohen              

Goaltenders
Starting : Connor Hellebyuk         
Backup : Thatcher Demko           

Extra Forwards
Normal : Brendan Lemieux, Dwight King, Nicolas Aube-Kubel - PP : Nicolas Aube-Kubel, Tom Wilson - PK : Nicolas Aube-Kubel
Extra Defensemen
Normal : Travis Sanheim, Carl Dahlstrom, Connor Clifton - PP : Travis Sanheim - PK : Colby Cohen, Connor Clifton
Penalty Shots
Tom Wilson, Michael Latta, Dwight King, Corey Tropp, Michael Chaput

Scratches
Mike Halmo (Healthy), Freddie Hamilton (Healthy), Max McCormick (Healthy), Joseph Cramarossa (Healthy), Matt Tennyson (Strained Right Knee Injury)
Axel Holmstrom (Healthy), Keegan Iverson (Healthy), Andrew Hammond (Healthy)

Little Stars

5 vs 5 Forward 
   Center                   Left Wing                Right Wing               Time % Phy DF OF 
 1 Dana Tyrell              Jesse Joensuu            Scott Kosmachuck         40     1   2  2  
 2 Evgeny Kuznetsov         Adam Tambellini          Zach Budish              30     1   2  2  
 3 Daniel O'regan           Michael Mersch           Sebastian Wannstrom      20     1   2  2  
 4 Jason Dickinson          Emile Poirier            Daniil Tarasov           10     1   2  2  

5 vs 5 Defense 
   Defense                  Defense                                           Time % Phy DF OF 
 1 Tyler Wotherspoon        Patrick Wiercioch                                 40     1   2  2  
 2 Eric Knodel              Anton Cederholm                                   30     1   2  2  
 3 Reece Willcox            Tucker Poolman                                    20     1   2  2  
 4 Tyler Wotherspoon        Patrick Wiercioch                                 10     1   2  2  

PowerPlay Forward 
   Center                   Left Wing                Right Wing               Time % Phy DF OF 
 1 Dana Tyrell              Jesse Joensuu            Scott Kosmachuck         60     0   2  3  
 2 Evgeny Kuznetsov         Adam Tambellini          Zach Budish              40     0   2  3  

PowerPlay Defense
   Defense                  Defense                                           Time % Phy DF OF 
 1 Tyler Wotherspoon        Patrick Wiercioch                                 60     0   2  3  
 2 Eric Knodel              Anton Cederholm                                   40     0   2  3  

Penalty Kill 4 Players Forward 
   Center                   Wing                     Time % Phy DF OF 
 1 Dana Tyrell              Evgeny Kuznetsov         60     0   3  2  
 2 Jesse Joensuu            Scott Kosmachuck         40     0   3  2  

Penalty Kill 4 Players Defense
   Defense                  Defense                  Time % Phy DF OF 
 1 Tyler Wotherspoon        Patrick Wiercioch        60     0   3  2  
 2 Eric Knodel              Anton Cederholm          40     0   3  2  

Penalty Kill - 3 Players Forward 
   Forward                                           Time % Phy DF OF 
 1 Dana Tyrell                                       60     0   3  2  
 2 Evgeny Kuznetsov                                  40     0   3  2  

Penalty Kill - 3 Players Defense
   Defense                  Defense                  Time % Phy DF OF 
 1 Tyler Wotherspoon        Patrick Wiercioch        60     0   3  2  
 2 Eric Knodel              Anton Cederholm          40     0   3  2  

4 vs 4 Forward 
   Center                   Wing                     Time % Phy DF OF 
 1 Dana Tyrell              Evgeny Kuznetsov         60     1   2  2  
 2 Jesse Joensuu            Scott Kosmachuck         40     1   2  2  

4 vs 4 Defense
   Defense                  Defense                  Time % Phy DF OF 
 1 Tyler Wotherspoon        Patrick Wiercioch        60     1   2  2  
 2 Eric Knodel              Anton Cederholm          40     1   2  2  

Last Minutes Offensive
   Center                   Left Wing                Right Wing               Defense                  Defense                  
   Dana Tyrell              Jesse Joensuu            Scott Kosmachuck         Tyler Wotherspoon        Patrick Wiercioch        

Last Minutes Defensive
   Center                   Left Wing                Right Wing               Defense                  Defense                  
   Dana Tyrell              Jesse Joensuu            Scott Kosmachuck         Tyler Wotherspoon        Patrick Wiercioch        

Goaltenders
Starting : Matt Murray              
Backup : Peter Delmas             

Extra Forwards
Normal : Michael Mersch, Daniel O'regan, Sebastian Wannstrom - PP : Michael Mersch, Daniel O'regan - PK : Sebastian Wannstrom
Extra Defensemen
Normal : Reece Willcox, Tucker Poolman, Eric Knodel - PP : Reece Willcox - PK : Tucker Poolman, Eric Knodel
Penalty Shots
Dana Tyrell, Evgeny Kuznetsov, Jesse Joensuu, Scott Kosmachuck, Adam Tambellini

Scratches
Justin Auger (Healthy), Ville Pokka (Healthy), Shane Gersich (Healthy), Radel Fazleev (Healthy), Julien Nantel (Healthy)
Connor Knapp (Healthy), Spencer Martin (Healthy)

% Time on Ice - Atomiques

Lines # - Real PCT - Wanted PCT - Time Play
Normal Forward
1 - 34% - 40% - 16:22
2 - 27% - 30% - 12:56
3 - 22% - 20% - 10:29
4 - 17% - 10% - 8:18
Normal Defense
1 - 39% - 40% - 18:41
2 - 33% - 30% - 15:49
3 - 24% - 20% - 11:40
4 - 4% - 10% - 1:55
PP Forward
1 - 55% - 60% - 4:33
2 - 45% - 40% - 3:45
PP Defense
1 - 61% - 60% - 5:03
2 - 39% - 40% - 3:15
PK Forward
1 - 74% - 60% - 2:40
2 - 26% - 40% - 0:57
PK Defense
1 - 70% - 60% - 2:32
2 - 30% - 40% - 1:05
PK3 Forward
1 - 0% - 60%
2 - 0% - 40%
PK3 Defense
1 - 0% - 60%
2 - 0% - 40%
44 Forward
1 - 0% - 60%
2 - 0% - 40%
44 Defense
1 - 0% - 60%
2 - 0% - 40%
Last Minute Offensive  - 0:00
Last Minute Defensive  - 0:00
Total
Forward - 60:00
Defense - 60:00

% Time on Ice - Little Stars

Lines # - Real PCT - Wanted PCT - Time Play
Normal Forward
1 - 36% - 40% - 17:09
2 - 26% - 30% - 12:28
3 - 21% - 20% - 9:52
4 - 18% - 10% - 8:36
Normal Defense
1 - 43% - 40% - 20:34
2 - 31% - 30% - 14:51
3 - 18% - 20% - 8:34
4 - 9% - 10% - 4:06
PP Forward
1 - 41% - 60% - 1:29
2 - 59% - 40% - 2:08
PP Defense
1 - 83% - 60% - 3:00
2 - 17% - 40% - 0:37
PK Forward
1 - 67% - 60% - 5:33
2 - 33% - 40% - 2:45
PK Defense
1 - 70% - 60% - 5:51
2 - 30% - 40% - 2:27
PK3 Forward
1 - 0% - 60%
2 - 0% - 40%
PK3 Defense
1 - 0% - 60%
2 - 0% - 40%
44 Forward
1 - 0% - 60%
2 - 0% - 40%
44 Defense
1 - 0% - 60%
2 - 0% - 40%
Last Minute Offensive  - 0:00
Last Minute Defensive  - 0:00
Total
Forward - 60:00
Defense - 60:00

Play-by-Play

1st period


0:01 of 1st period - Dana Tyrell wins face-off versus Michael Latta in neutral zone.
0:10 of 1st period - Wrist shot by Jesse Joensuu.
0:10 of 1st period - Shot Blocked by Colby Cohen.
0:12 of 1st period - Snap shot by Scott Kosmachuck.
0:12 of 1st period - Shot Misses the Net.
0:30 of 1st period - Snap shot by Sebastian Wannstrom.
0:30 of 1st period - Shot Misses the Net.
0:36 of 1st period - Snap shot by Tom Wilson.
0:36 of 1st period - Goal by Tom Wilson - Atomiques : 1 - Little Stars : 0.
0:37 of 1st period - Evgeny Kuznetsov wins face-off versus Oscar Sundqvist in neutral zone.
0:44 of 1st period - Snap shot by Adam Tambellini.
0:44 of 1st period - Shot Blocked by Brendan Lemieux.
0:46 of 1st period - Snap shot by Zach Budish.
0:46 of 1st period - Deflect By Adam Tambellini.
0:46 of 1st period - Stopped by Connor Hellebyuk with a rebound.
0:48 of 1st period - Snap shot by Evgeny Kuznetsov.
0:48 of 1st period - Deflect By Adam Tambellini.
0:48 of 1st period - Shot Misses the Net.
0:48 of 1st period - Puck is out of play.
0:49 of 1st period - Jason Dickinson wins face-off versus Michael Chaput in Atomiques zone.
1:16 of 1st period - Oscar Sundqvist is hit by Jesse Joensuu and loses puck.
3:03 of 1st period - Eric Knodel is hit by Bobby Farnham and loses puck.
3:36 of 1st period - Dana Tyrell is hit by Michael Chaput and loses puck.
3:57 of 1st period - Oscar Sundqvist is hit by Jason Dickinson.
4:28 of 1st period - Anthony Nigro is hit by Michael Mersch and loses puck.
4:45 of 1st period - Snap shot by Dwight King.
4:45 of 1st period - Stopped by Matt Murray without a rebound.
4:46 of 1st period - Dana Tyrell wins face-off versus Michael Latta in Little Stars zone.
5:16 of 1st period - Off-side.
5:17 of 1st period - Evgeny Kuznetsov wins face-off versus Oscar Sundqvist in neutral zone.
5:28 of 1st period - Wrist shot by Evgeny Kuznetsov.
5:28 of 1st period - Shot Misses the Net.
5:30 of 1st period - Wrist shot by Zach Budish.
5:30 of 1st period - Stopped by Connor Hellebyuk without a rebound.
5:31 of 1st period - Dana Tyrell wins face-off versus Dwight King in Atomiques zone.
5:44 of 1st period - Slapshot by Dana Tyrell.
5:44 of 1st period - Shot Blocked by Michael Latta.
5:56 of 1st period - Colby Cohen is hit by Tyler Wotherspoon and loses puck.
6:12 of 1st period - Icing by Colby Cohen.
6:13 of 1st period - Oscar Sundqvist wins face-off versus Daniel O'regan in Atomiques zone.
6:38 of 1st period - Dana Tyrell is hit by Michael Latta.
6:59 of 1st period - Evgeny Kuznetsov is hit by Eric Mestery and loses puck.
7:46 of 1st period - Wrist shot by Michael Mersch.
7:46 of 1st period - Stopped by Connor Hellebyuk with a rebound.
8:04 of 1st period - Eric Knodel is hit by Colby Cohen and loses puck.
8:25 of 1st period - Snap shot by Emile Poirier.
8:25 of 1st period - Stopped by Connor Hellebyuk without a rebound.
8:26 of 1st period - Oscar Sundqvist wins face-off versus Jason Dickinson in Atomiques zone.
8:33 of 1st period - Patrick Wiercioch is hit by Eric Mestery and loses puck.
8:53 of 1st period - Slapshot by Emile Poirier.
8:53 of 1st period - Deflect By Oscar Sundqvist.
8:53 of 1st period - Stopped by Connor Hellebyuk without a rebound.
8:54 of 1st period - Dana Tyrell wins face-off versus Michael Latta in Atomiques zone.
9:03 of 1st period - Backhand shot by Jesse Joensuu.
9:03 of 1st period - Shot Misses the Net.
9:05 of 1st period - Slapshot by Scott Kosmachuck.
9:05 of 1st period - Shot Blocked by Tom Wilson.
9:07 of 1st period - Wrist shot by Dana Tyrell.
9:07 of 1st period - Stopped by Connor Hellebyuk with a rebound.
9:09 of 1st period - Snap shot by Scott Kosmachuck.
9:09 of 1st period - Goal by Scott Kosmachuck - Atomiques : 1 - Little Stars : 1.
9:10 of 1st period - Jesse Joensuu wins face-off versus Michael Latta in neutral zone.
9:18 of 1st period - Icing by Colby Cohen.
9:19 of 1st period - Dana Tyrell wins face-off versus Michael Latta in Atomiques zone.
9:46 of 1st period - Snap shot by Dwight King.
9:46 of 1st period - Stopped by Matt Murray without a rebound.
9:47 of 1st period - Zach Budish wins face-off versus Michael Chaput in Little Stars zone.
9:54 of 1st period - Snap shot by Adam Tambellini.
9:54 of 1st period - Shot Misses the Net.
10:00 of 1st period - Slapshot by Wiley Sherman.
10:00 of 1st period - Stopped by Matt Murray without a rebound.
10:01 of 1st period - Michael Latta wins face-off versus Dana Tyrell in Little Stars zone.
10:06 of 1st period - Wrist shot by Tom Wilson.
10:06 of 1st period - Shot Misses the Net.
10:08 of 1st period - Slapshot by Dwight King.
10:08 of 1st period - Shot Misses the Net.
10:10 of 1st period - Snap shot by Colby Cohen.
10:10 of 1st period - Shot Misses the Net.
10:12 of 1st period - Snap shot by Dwight King.
10:12 of 1st period - Stopped by Matt Murray without a rebound.
10:13 of 1st period - Zach Budish wins face-off versus Oscar Sundqvist in Little Stars zone.
10:47 of 1st period - Wrist shot by Michael Latta.
10:47 of 1st period - Shot Misses the Net.
10:57 of 1st period - Eric Mestery is hit by Sebastian Wannstrom and loses puck.
11:04 of 1st period - Patrick Wiercioch is hit by Michael Chaput and loses puck.
11:05 of 1st period - Patrick Wiercioch from Little Stars is injured at 11:05 of 1st period (Herniated Disc).
11:06 of 1st period - Oscar Sundqvist wins face-off versus Jesse Joensuu in Little Stars zone.
11:21 of 1st period - Wrist shot by Jesse Joensuu.
11:21 of 1st period - Deflect By Corey Tropp.
11:21 of 1st period - Stopped by Connor Hellebyuk with a rebound.
11:45 of 1st period - Icing by Dwight King.
11:46 of 1st period - Michael Latta wins face-off versus Dana Tyrell in Atomiques zone.
12:07 of 1st period - Slapshot by Dwight King.
12:07 of 1st period - Shot Blocked by Tyler Wotherspoon.
12:09 of 1st period - Slapshot by Tom Wilson.
12:09 of 1st period - Shot Misses the Net.
12:11 of 1st period - Major Penalty to Scott Kosmachuck for Kneeing.
12:12 of 1st period - Michael Chaput wins face-off versus Dana Tyrell in Little Stars zone.
12:17 of 1st period - Snap shot by Corey Tropp.
12:17 of 1st period - Shot Misses the Net.
12:19 of 1st period - Snap shot by Brendan Lemieux.
12:19 of 1st period - Shot Blocked by Tucker Poolman.
12:21 of 1st period - Slapshot by Corey Tropp.
12:21 of 1st period - Stopped by Matt Murray with a rebound.
12:23 of 1st period - Slapshot by Wiley Sherman.
12:23 of 1st period - Deflect By Evgeny Kuznetsov.
12:23 of 1st period - Stopped by Matt Murray with a rebound.
12:25 of 1st period - Slapshot by Michael Chaput.
12:25 of 1st period - Shot Misses the Net.
12:27 of 1st period - Slapshot by Wiley Sherman.
12:27 of 1st period - Deflect By Corey Tropp.
12:27 of 1st period - Stopped by Matt Murray without a rebound.
12:28 of 1st period - Dana Tyrell wins face-off versus Michael Latta in Little Stars zone.
13:42 of 1st period - Icing by Eric Mestery.
13:43 of 1st period - Michael Latta wins face-off versus Dana Tyrell in Atomiques zone.
15:21 of 1st period - Snap shot by Sebastian Wannstrom.
15:21 of 1st period - Stopped by Connor Hellebyuk with a rebound.
16:27 of 1st period - Tyler Wotherspoon is hit by Dwight King and loses puck.
17:11 of 1st period - Penalty to Scott Kosmachuck is over, Scott Kosmachuck is back on ice.
17:17 of 1st period - Wrist shot by Scott Kosmachuck.
17:17 of 1st period - Deflect By Jason Dickinson.
17:17 of 1st period - Stopped by Connor Hellebyuk without a rebound.
17:18 of 1st period - Jason Dickinson wins face-off versus Oscar Sundqvist in Atomiques zone.
17:31 of 1st period - Oscar Sundqvist is hit by Tyler Wotherspoon and loses puck.
17:51 of 1st period - Bobby Farnham is hit by Reece Willcox and loses puck.
18:02 of 1st period - Anthony Nigro is hit by Eric Knodel and loses puck.
18:07 of 1st period - Snap shot by Sebastian Wannstrom.
18:07 of 1st period - Goal by Sebastian Wannstrom - Atomiques : 1 - Little Stars : 2.
18:08 of 1st period - Dana Tyrell wins face-off versus Michael Latta in neutral zone.
18:13 of 1st period - Snap shot by Scott Kosmachuck.
18:13 of 1st period - Stopped by Connor Hellebyuk with a rebound.
18:15 of 1st period - Slapshot by Dana Tyrell.
18:15 of 1st period - Shot Misses the Net.
18:17 of 1st period - Snap shot by Scott Kosmachuck.
18:17 of 1st period - Stopped by Connor Hellebyuk with a rebound.
18:19 of 1st period - Snap shot by Jesse Joensuu.
18:19 of 1st period - Stopped by Connor Hellebyuk without a rebound.
18:20 of 1st period - Dana Tyrell wins face-off versus Michael Latta in Atomiques zone.
19:06 of 1st period - Slapshot by Tyler Wotherspoon.
19:06 of 1st period - Stopped by Connor Hellebyuk with a rebound.
19:14 of 1st period - Slapshot by Jesse Joensuu.
19:14 of 1st period - Stopped by Connor Hellebyuk with a rebound.
19:16 of 1st period - Snap shot by Scott Kosmachuck.
19:16 of 1st period - Stopped by Connor Hellebyuk without a rebound.
19:17 of 1st period - Evgeny Kuznetsov wins face-off versus Michael Latta in Atomiques zone.
19:18 of 1st period - Snap shot by Adam Tambellini.
19:18 of 1st period - Stopped by Connor Hellebyuk with a rebound.
19:20 of 1st period - Wrist shot by Zach Budish.
19:20 of 1st period - Deflect By Evgeny Kuznetsov.
19:20 of 1st period - Goal by Evgeny Kuznetsov - Atomiques : 1 - Little Stars : 3.
19:21 of 1st period - Evgeny Kuznetsov wins face-off versus Michael Latta in neutral zone.
19:24 of 1st period - Wrist shot by Evgeny Kuznetsov.
19:24 of 1st period - Shot Misses the Net.
19:26 of 1st period - Backhand shot by Evgeny Kuznetsov.
19:26 of 1st period - Shot Misses the Net.
19:28 of 1st period - Slapshot by Evgeny Kuznetsov.
19:28 of 1st period - Stopped by Connor Hellebyuk with a rebound.
19:48 of 1st period - Anton Cederholm is hit by Travis Sanheim and loses puck.
Goals for this period are 1 for Atomiques vs 3 for Little Stars.
Shots for this period are 8 for Atomiques vs 20 for Little Stars.

2nd period


0:01 of 2nd period - Oscar Sundqvist wins face-off versus Dana Tyrell in neutral zone.
0:03 of 2nd period - Minor Penalty to Travis Sanheim for High sticking.
0:04 of 2nd period - Michael Latta wins face-off versus Dana Tyrell in Atomiques zone.
0:20 of 2nd period - Snap shot by Scott Kosmachuck.
0:20 of 2nd period - Shot Misses the Net.
2:03 of 2nd period - Penalty to Travis Sanheim is over, Travis Sanheim is back on ice.
2:19 of 2nd period - Slapshot by Daniil Tarasov.
2:19 of 2nd period - Stopped by Connor Hellebyuk with a rebound.
2:21 of 2nd period - Slapshot by Eric Knodel.
2:21 of 2nd period - Shot Misses the Net.
2:23 of 2nd period - Slapshot by Tyler Wotherspoon.
2:23 of 2nd period - Stopped by Connor Hellebyuk without a rebound.
2:24 of 2nd period - Sebastian Wannstrom wins face-off versus Michael Chaput in Atomiques zone.
2:29 of 2nd period - Slapshot by Daniel O'regan.
2:29 of 2nd period - Stopped by Connor Hellebyuk with a rebound.
2:54 of 2nd period - Brendan Lemieux is hit by Emile Poirier.
3:00 of 2nd period - Anton Cederholm is hit by Colby Cohen and loses puck.
3:11 of 2nd period - Tom Wilson is hit by Eric Knodel and loses puck.
3:39 of 2nd period - Dalton Smith is hit by Jesse Joensuu.
3:43 of 2nd period - Dana Tyrell is hit by Eric Mestery.
4:03 of 2nd period - Eric Mestery is hit by Tyler Wotherspoon and loses puck.
4:20 of 2nd period - Tucker Poolman is hit by Corey Tropp and loses puck.
4:33 of 2nd period - Tucker Poolman is hit by Colby Cohen and loses puck.
4:40 of 2nd period - Wrist shot by Tom Wilson.
4:40 of 2nd period - Goal by Tom Wilson - Atomiques : 2 - Little Stars : 3.
4:41 of 2nd period - Dana Tyrell wins face-off versus Michael Latta in neutral zone.
5:37 of 2nd period - Carl Dahlstrom is hit by Tucker Poolman and loses puck.
6:12 of 2nd period - Dwight King is hit by Jason Dickinson and loses puck.
6:35 of 2nd period - Wrist shot by Anthony Nigro.
6:35 of 2nd period - Shot Blocked by Reece Willcox.
6:37 of 2nd period - Snap shot by Bobby Farnham.
6:37 of 2nd period - Shot Misses the Net.
6:39 of 2nd period - Slapshot by Eric Mestery.
6:39 of 2nd period - Shot Blocked by Reece Willcox.
6:41 of 2nd period - Snap shot by Anthony Nigro.
6:41 of 2nd period - Deflect By Tyler Wotherspoon.
6:41 of 2nd period - Stopped by Matt Murray without a rebound.
6:42 of 2nd period - Dana Tyrell wins face-off versus Oscar Sundqvist in Little Stars zone.
6:47 of 2nd period - Snap shot by Oscar Sundqvist.
6:47 of 2nd period - Shot Blocked by Eric Knodel.
6:58 of 2nd period - Wrist shot by Scott Kosmachuck.
6:58 of 2nd period - Shot Misses the Net.
7:38 of 2nd period - Wrist shot by Michael Chaput.
7:38 of 2nd period - Shot Blocked by Reece Willcox.
7:44 of 2nd period - Wiley Sherman is hit by Michael Mersch and loses puck.
8:42 of 2nd period - Michael Latta is hit by Tyler Wotherspoon and loses puck.
8:57 of 2nd period - Jacob De La Rose is hit by Scott Kosmachuck and loses puck.
9:18 of 2nd period - Slapshot by Daniel O'regan.
9:18 of 2nd period - Shot Misses the Net.
9:20 of 2nd period - Snap shot by Reece Willcox.
9:20 of 2nd period - Stopped by Connor Hellebyuk without a rebound.
9:21 of 2nd period - Michael Latta wins face-off versus Evgeny Kuznetsov in Atomiques zone.
9:30 of 2nd period - Colby Cohen is hit by Evgeny Kuznetsov.
9:55 of 2nd period - Snap shot by Jesse Joensuu.
9:55 of 2nd period - Stopped by Connor Hellebyuk without a rebound.
9:56 of 2nd period - Oscar Sundqvist wins face-off versus Dana Tyrell in Atomiques zone.
10:01 of 2nd period - Scott Kosmachuck is hit by Oscar Sundqvist.
10:23 of 2nd period - Slapshot by Daniel O'regan.
10:23 of 2nd period - Stopped by Connor Hellebyuk with a rebound.
10:27 of 2nd period - Slapshot by Daniel O'regan.
10:27 of 2nd period - Shot Misses the Net.
10:29 of 2nd period - Snap shot by Reece Willcox.
10:29 of 2nd period - Shot Misses the Net.
11:05 of 2nd period - Travis Sanheim is hit by Jason Dickinson and loses puck.
11:18 of 2nd period - Travis Sanheim is hit by Jason Dickinson and loses puck.
11:33 of 2nd period - Snap shot by Anthony Nigro.
11:33 of 2nd period - Stopped by Matt Murray with a rebound.
11:35 of 2nd period - Slapshot by Colby Cohen.
11:35 of 2nd period - Deflect By Dalton Smith.
11:35 of 2nd period - Shot Misses the Net.
11:35 of 2nd period - Puck is out of play.
11:36 of 2nd period - Dana Tyrell wins face-off versus Anthony Nigro in Little Stars zone.
11:40 of 2nd period - Icing by Jesse Joensuu.
11:41 of 2nd period - Dana Tyrell wins face-off versus Dwight King in Little Stars zone.
12:30 of 2nd period - Wrist shot by Anthony Nigro.
12:30 of 2nd period - Shot Misses the Net.
12:32 of 2nd period - Wrist shot by Bobby Farnham.
12:32 of 2nd period - Stopped by Matt Murray with a rebound.
12:58 of 2nd period - Snap shot by Dana Tyrell.
12:58 of 2nd period - Deflect By Jesse Joensuu.
12:58 of 2nd period - Stopped by Connor Hellebyuk with a rebound.
13:00 of 2nd period - Slapshot by Jesse Joensuu.
13:00 of 2nd period - Shot Misses the Net.
13:02 of 2nd period - Snap shot by Eric Knodel.
13:02 of 2nd period - Deflect By Nicolas Aube-Kubel.
13:02 of 2nd period - Stopped by Connor Hellebyuk with a rebound.
13:04 of 2nd period - Snap shot by Jesse Joensuu.
13:04 of 2nd period - Shot Misses the Net.
13:20 of 2nd period - Snap shot by Dwight King.
13:20 of 2nd period - Stopped by Matt Murray without a rebound.
13:21 of 2nd period - Michael Latta wins face-off versus Evgeny Kuznetsov in Little Stars zone.
13:22 of 2nd period - Wrist shot by Dwight King.
13:22 of 2nd period - Shot Blocked by Zach Budish.
13:24 of 2nd period - Slapshot by Eric Mestery.
13:24 of 2nd period - Shot Blocked by Evgeny Kuznetsov.
13:26 of 2nd period - Slapshot by Wiley Sherman.
13:26 of 2nd period - Shot Blocked by Zach Budish.
13:28 of 2nd period - Slapshot by Eric Mestery.
13:28 of 2nd period - Shot Misses the Net.
13:30 of 2nd period - Snap shot by Eric Mestery.
13:30 of 2nd period - Stopped by Matt Murray with a rebound.
13:32 of 2nd period - Snap shot by Michael Latta.
13:32 of 2nd period - Shot Misses the Net.
13:34 of 2nd period - Slapshot by Wiley Sherman.
13:34 of 2nd period - Deflect By Tom Wilson.
13:34 of 2nd period - Shot Misses the Net.
13:34 of 2nd period - Puck is out of play.
13:35 of 2nd period - Dana Tyrell wins face-off versus Brendan Lemieux in Little Stars zone.
13:37 of 2nd period - Minor Penalty to Scott Kosmachuck for Hooking.
13:38 of 2nd period - Michael Latta wins face-off versus Dana Tyrell in Little Stars zone.
15:30 of 2nd period - Icing by Travis Sanheim.
15:31 of 2nd period - Michael Chaput wins face-off versus Daniel O'regan in Atomiques zone.
15:36 of 2nd period - Wrist shot by Daniel O'regan.
15:36 of 2nd period - Shot Misses the Net.
15:37 of 2nd period - Penalty to Scott Kosmachuck is over, Scott Kosmachuck is back on ice.
15:50 of 2nd period - Snap shot by Bobby Farnham.
15:50 of 2nd period - Stopped by Matt Murray with a rebound.
16:25 of 2nd period - Michael Latta is hit by Tucker Poolman and loses puck.
16:42 of 2nd period - Brendan Lemieux is hit by Eric Knodel and loses puck.
17:03 of 2nd period - Snap shot by Jason Dickinson.
17:03 of 2nd period - Shot Misses the Net.
17:19 of 2nd period - Slapshot by Wiley Sherman.
17:19 of 2nd period - Shot Misses the Net.
17:45 of 2nd period - Backhand shot by Reece Willcox.
17:45 of 2nd period - Stopped by Connor Hellebyuk with a rebound.
19:31 of 2nd period - Snap shot by Zach Budish.
19:31 of 2nd period - Stopped by Connor Hellebyuk with a rebound.
19:53 of 2nd period - Michael Latta is hit by Daniel O'regan and loses puck.
Goals for this period are 1 for Atomiques vs 0 for Little Stars.
Shots for this period are 7 for Atomiques vs 10 for Little Stars.

3rd period


0:01 of 3rd period - Tom Wilson wins face-off versus Dana Tyrell in neutral zone.
0:06 of 3rd period - Snap shot by Michael Latta.
0:06 of 3rd period - Shot Misses the Net.
0:45 of 3rd period - Snap shot by Anthony Nigro.
0:45 of 3rd period - Deflect By Dalton Smith.
0:45 of 3rd period - Shot Blocked by Sebastian Wannstrom.
0:45 of 3rd period - Puck is out of play.
0:46 of 3rd period - Anthony Nigro wins face-off versus Daniel O'regan in Little Stars zone.
0:47 of 3rd period - Backhand shot by Bobby Farnham.
0:47 of 3rd period - Shot Blocked by Michael Mersch.
0:49 of 3rd period - Slapshot by Eric Mestery.
0:49 of 3rd period - Deflect By Daniel O'regan.
0:49 of 3rd period - Stopped by Matt Murray without a rebound.
0:50 of 3rd period - Daniel O'regan wins face-off versus Anthony Nigro in Little Stars zone.
0:57 of 3rd period - Slapshot by Anthony Nigro.
0:57 of 3rd period - Stopped by Matt Murray with a rebound.
1:17 of 3rd period - Dwight King is hit by Tyler Wotherspoon and loses puck.
1:24 of 3rd period - Snap shot by Dana Tyrell.
1:24 of 3rd period - Stopped by Connor Hellebyuk without a rebound.
1:25 of 3rd period - Evgeny Kuznetsov wins face-off versus Oscar Sundqvist in Atomiques zone.
2:15 of 3rd period - Jason Dickinson is hit by Tom Wilson and loses puck.
2:29 of 3rd period - Icing by Connor Clifton.
2:30 of 3rd period - Jesse Joensuu wins face-off versus Michael Latta in Atomiques zone.
3:00 of 3rd period - Snap shot by Wiley Sherman.
3:00 of 3rd period - Stopped by Matt Murray with a rebound.
3:08 of 3rd period - Snap shot by Evgeny Kuznetsov.
3:08 of 3rd period - Shot Misses the Net.
3:24 of 3rd period - Snap shot by Michael Chaput.
3:24 of 3rd period - Shot Blocked by Anton Cederholm.
3:26 of 3rd period - Snap shot by Jacob De La Rose.
3:26 of 3rd period - Stopped by Matt Murray with a rebound.
3:28 of 3rd period - Slapshot by Jacob De La Rose.
3:28 of 3rd period - Shot Misses the Net.
3:34 of 3rd period - Minor Penalty to Michael Mersch for Cross-checking.
3:35 of 3rd period - Evgeny Kuznetsov wins face-off versus Michael Chaput in Little Stars zone.
4:10 of 3rd period - Icing by Dwight King.
4:11 of 3rd period - Jesse Joensuu wins face-off versus Tom Wilson in Atomiques zone.
4:52 of 3rd period - Snap shot by Travis Sanheim.
4:52 of 3rd period - Shot Misses the Net.
4:54 of 3rd period - Snap shot by Tom Wilson.
4:54 of 3rd period - Goal by Tom Wilson - Atomiques : 3 - Little Stars : 3.
4:55 of 3rd period - Oscar Sundqvist wins face-off versus Dana Tyrell in neutral zone.
5:00 of 3rd period - Backhand shot by Brendan Lemieux.
5:00 of 3rd period - Stopped by Matt Murray with a rebound.
5:02 of 3rd period - Snap shot by Wiley Sherman.
5:02 of 3rd period - Deflect By Brendan Lemieux.
5:02 of 3rd period - Shot Blocked by Dana Tyrell.
5:02 of 3rd period - Puck is out of play.
5:03 of 3rd period - Dana Tyrell wins face-off versus Oscar Sundqvist in Little Stars zone.
5:12 of 3rd period - Snap shot by Dana Tyrell.
5:12 of 3rd period - Stopped by Connor Hellebyuk without a rebound.
5:13 of 3rd period - Jesse Joensuu wins face-off versus Tom Wilson in Atomiques zone.
6:00 of 3rd period - Wiley Sherman is hit by Eric Knodel and loses puck.
6:19 of 3rd period - Wiley Sherman is hit by Reece Willcox and loses puck.
6:48 of 3rd period - Tom Wilson is hit by Dana Tyrell and loses puck.
7:08 of 3rd period - Slapshot by Wiley Sherman.
7:08 of 3rd period - Shot Blocked by Evgeny Kuznetsov.
7:10 of 3rd period - Wrist shot by Corey Tropp.
7:10 of 3rd period - Shot Misses the Net.
7:28 of 3rd period - Wrist shot by Michael Chaput.
7:28 of 3rd period - Shot Misses the Net.
7:30 of 3rd period - Slapshot by Colby Cohen.
7:30 of 3rd period - Stopped by Matt Murray with a rebound.
9:35 of 3rd period - Slapshot by Anthony Nigro.
9:35 of 3rd period - Stopped by Matt Murray with a rebound.
9:37 of 3rd period - Wrist shot by Bobby Farnham.
9:37 of 3rd period - Stopped by Matt Murray with a rebound.
9:39 of 3rd period - Snap shot by Anthony Nigro.
9:39 of 3rd period - Shot Misses the Net.
9:41 of 3rd period - Slapshot by Colby Cohen.
9:41 of 3rd period - Stopped by Matt Murray with a rebound.
10:02 of 3rd period - Eric Mestery is hit by Michael Mersch and loses puck.
10:15 of 3rd period - Snap shot by Michael Chaput.
10:15 of 3rd period - Deflect By Nicolas Aube-Kubel.
10:15 of 3rd period - Shot Misses the Net.
10:15 of 3rd period - Puck is out of play.
10:16 of 3rd period - Daniel O'regan wins face-off versus Jacob De La Rose in Little Stars zone.
10:21 of 3rd period - Travis Sanheim is hit by Jesse Joensuu and loses puck.
10:30 of 3rd period - Scott Kosmachuck is hit by Nicolas Aube-Kubel and loses puck.
11:03 of 3rd period - Wrist shot by Jesse Joensuu.
11:03 of 3rd period - Shot Hit the Post.
11:09 of 3rd period - Wrist shot by Jesse Joensuu.
11:09 of 3rd period - Stopped by Connor Hellebyuk without a rebound.
11:10 of 3rd period - Jason Dickinson wins face-off versus Michael Latta in Atomiques zone.
11:21 of 3rd period - Wrist shot by Michael Latta.
11:21 of 3rd period - Shot Misses the Net.
11:23 of 3rd period - Snap shot by Travis Sanheim.
11:23 of 3rd period - Shot Blocked by Daniil Tarasov.
11:25 of 3rd period - Wrist shot by Dwight King.
11:25 of 3rd period - Deflect By Tyler Wotherspoon.
11:25 of 3rd period - Shot Blocked by Tyler Wotherspoon.
11:25 of 3rd period - Puck is out of play.
11:26 of 3rd period - Jason Dickinson wins face-off versus Corey Tropp in Little Stars zone.
12:09 of 3rd period - Snap shot by Scott Kosmachuck.
12:09 of 3rd period - Shot Blocked by Jacob De La Rose.
12:29 of 3rd period - Oscar Sundqvist is hit by Reece Willcox.
13:21 of 3rd period - Snap shot by Tom Wilson.
13:21 of 3rd period - Goal by Tom Wilson - Atomiques : 4 - Little Stars : 3.
13:22 of 3rd period - Michael Latta wins face-off versus Dana Tyrell in neutral zone.
13:34 of 3rd period - Icing by Scott Kosmachuck.
13:35 of 3rd period - Jesse Joensuu wins face-off versus Michael Latta in Little Stars zone.
13:40 of 3rd period - Wrist shot by Jesse Joensuu.
13:40 of 3rd period - Stopped by Connor Hellebyuk with a rebound.
13:50 of 3rd period - Backhand shot by Dwight King.
13:50 of 3rd period - Stopped by Matt Murray with a rebound.
14:20 of 3rd period - Slapshot by Dalton Smith.
14:20 of 3rd period - Shot Blocked by Tucker Poolman.
14:22 of 3rd period - Slapshot by Eric Mestery.
14:22 of 3rd period - Shot Misses the Net.
14:24 of 3rd period - Snap shot by Bobby Farnham.
14:24 of 3rd period - Stopped by Matt Murray with a rebound.
14:26 of 3rd period - Slapshot by Wiley Sherman.
14:26 of 3rd period - Shot Blocked by Tucker Poolman.
14:28 of 3rd period - Wrist shot by Bobby Farnham.
14:28 of 3rd period - Stopped by Matt Murray with a rebound.
14:30 of 3rd period - Slapshot by Anthony Nigro.
14:30 of 3rd period - Shot Misses the Net.
14:32 of 3rd period - Slapshot by Eric Mestery.
14:32 of 3rd period - Stopped by Matt Murray without a rebound.
14:33 of 3rd period - Dana Tyrell wins face-off versus Michael Latta in Little Stars zone.
14:33 of 3rd period - Dana Tyrell is hit by Dwight King.
14:41 of 3rd period - Snap shot by Michael Latta.
14:41 of 3rd period - Shot Misses the Net.
14:43 of 3rd period - Snap shot by Michael Latta.
14:43 of 3rd period - Stopped by Matt Murray with a rebound.
14:45 of 3rd period - Snap shot by Michael Latta.
14:45 of 3rd period - Stopped by Matt Murray with a rebound.
14:49 of 3rd period - Snap shot by Michael Latta.
14:49 of 3rd period - Shot Blocked by Dana Tyrell.
14:59 of 3rd period - Anton Cederholm is hit by Nicolas Aube-Kubel and loses puck.
15:04 of 3rd period - Slapshot by Travis Sanheim.
15:04 of 3rd period - Deflect By Dana Tyrell.
15:04 of 3rd period - Stopped by Matt Murray with a rebound.
15:16 of 3rd period - Snap shot by Scott Kosmachuck.
15:16 of 3rd period - Shot Misses the Net.
15:18 of 3rd period - Snap shot by Jesse Joensuu.
15:18 of 3rd period - Stopped by Connor Hellebyuk without a rebound.
15:19 of 3rd period - Daniel O'regan wins face-off versus Michael Latta in Atomiques zone.
15:28 of 3rd period - Wrist shot by Michael Mersch.
15:28 of 3rd period - Shot Blocked by Colby Cohen.
15:44 of 3rd period - Reece Willcox is hit by Corey Tropp and loses puck.
16:04 of 3rd period - Wrist shot by Michael Chaput.
16:04 of 3rd period - Shot Misses the Net.
16:06 of 3rd period - Slapshot by Nicolas Aube-Kubel.
16:06 of 3rd period - Deflect By Jacob De La Rose.
16:06 of 3rd period - Shot Misses the Net.
16:06 of 3rd period - Puck is out of play.
16:07 of 3rd period - Michael Chaput wins face-off versus Jason Dickinson in Little Stars zone.
16:08 of 3rd period - Slapshot by Travis Sanheim.
16:08 of 3rd period - Deflect By Jason Dickinson.
16:08 of 3rd period - Stopped by Matt Murray without a rebound.
16:09 of 3rd period - Michael Chaput wins face-off versus Daniel O'regan in Little Stars zone.
16:48 of 3rd period - Snap shot by Michael Latta.
16:48 of 3rd period - Shot Blocked by Tyler Wotherspoon.
18:02 of 3rd period - Dana Tyrell is hit by Bobby Farnham and loses puck.
18:21 of 3rd period - Minor Penalty to Nicolas Aube-Kubel for Hooking.
18:22 of 3rd period - Jesse Joensuu wins face-off versus Michael Latta in Atomiques zone.
18:55 of 3rd period - Michael Latta is hit by Tyler Wotherspoon.
18:59 of 3rd period - Wiley Sherman is hit by Adam Tambellini and loses puck.
19:31 of 3rd period - Little Stars, Matt Murray is pulled from the net.
Goals for this period are 2 for Atomiques vs 0 for Little Stars.
Shots for this period are 19 for Atomiques vs 5 for Little Stars.